| TOP OF THE 1ST |
|
Washington State University Cougars batting - Pitching for Clemson University Tigers : RHP Lance Brisson
|
|
Pitching: RHP Lance Brisson
|
|
|
Batting: RHB Gebre-Giorgios Wangondu
|
0-0: Called Strike 0-1: Called Strike 0-2: Ball 1-2: Ground out 4-3 (Groundball, 34, EV 103.8 MPH)
|
|
Batting: RHB Melvin Durland
|
0-0: Swinging Strike 0-1: Ball 1-1: Swinging Strike 1-2: SINGLE (Groundball, 6MD, EV 103.8 MPH)
|
|
Batting: SHB Salvador Padilla
|
0-0: Ball 1-0: Ball 2-0: Ball Wild Pitch! Melvin Durland to second 3-0: Base on Balls
|
|
Batting: LHB Josh Aerni
|
0-0: Ball 1-0: Ball 2-0: Fielders Choice at 2nd, 3-6 (Groundball, 3, EV 92.5 MPH) Melvin Durland to third
|
|
Batting: RHB Nick Deegan
|
0-0: Fielders Choice at 2nd, 5-4 (Groundball, 56, EV 104.4 MPH)
|
| Top of the 1st over - 0 runs, 1 hit, 0 errors, 2 left on base; Washington State University 0 - Clemson University 0 |
| BOTTOM OF THE 1ST |
|
Clemson University Tigers batting - Pitching for Washington State University Cougars : LHP Bill Hussey
|
|
Pitching: LHP Bill Hussey
|
|
|
Batting: LHB Brandon Homol
|
0-0: Swinging Strike 0-1: Foul Ball, location: 2F 0-2: Ball 1-2: Foul Ball, location: 2F 1-2: Ball 2-2: Foul Ball, location: 2F 2-2: Strikes out looking
|
|
Batting: RHB Ryan Starks
|
0-0: Ball 1-0: Foul Ball, location: 2F 1-1: Called Strike 1-2: Ball 2-2: Ball 3-2: DOUBLE (Line Drive, 89M, EV 102.5 MPH)
|
|
Batting: RHB Wes Reynolds
|
0-0: SINGLE (Groundball, 56D, EV 100.6 MPH) Ryan Starks to third Runner from 3rd tries for Home, SAFE, throw by LF to home
|
|
Batting: RHB Jaime Rios
|
0-0: Ball 1-0: Ball 2-0: Ball 3-0: Base on Balls Wes Reynolds to second
|
|
Batting: LHB Pablo Serrato
|
0-0: Ball 1-0: Ball 2-0: Foul Ball, location: 2F 2-1: Fly out, F8 (Flyball, 8RXD, EV 101.9 MPH)
|
|
Batting: SHB Ronnie Brooks
|
0-0: Ball 1-0: Swinging Strike 1-1: Called Strike 1-2: Ball 2-2: Ball 3-2: Base on Balls Wes Reynolds to third Jaime Rios to second
|
|
Batting: LHB Pat Fontana
|
0-0: Foul Ball, location: 2F 0-1: Ground out 4-3 (Groundball, 4M, EV 93.8 MPH)
|
| Bottom of the 1st over - 1 run, 2 hits, 0 errors, 3 left on base; Washington State University 0 - Clemson University 1 |
| TOP OF THE 2ND |
|
Washington State University Cougars batting - Pitching for Clemson University Tigers : RHP Lance Brisson
|
|
Batting: SHB Steve DeRienzo
|
0-0: Foul Ball, location: 2F 0-1: Ground out 4-3 (Groundball, 4, EV 80.6 MPH)
|
|
Batting: RHB Alex Koral
|
0-0: Ball 1-0: DOUBLE (Flyball, 89D, EV 100.0 MPH)
|
|
Batting: SHB Sergio Carranza
|
0-0: Called Strike 0-1: Foul Ball, location: 2F 0-2: Strikes out swinging
|
|
Batting: RHB Alex Arzate
|
0-0: Ball 1-0: Fly out, F8 (Flyball, 8LM, EV 93.8 MPH)
|
| Top of the 2nd over - 0 runs, 1 hit, 0 errors, 1 left on base; Washington State University 0 - Clemson University 1 |
| BOTTOM OF THE 2ND |
|
Clemson University Tigers batting - Pitching for Washington State University Cougars : LHP Bill Hussey
|
|
Batting: RHB Ken Manser
|
0-0: Ball 1-0: Foul Ball, location: 2F 1-1: Fly out, F8 (Flyball, 8LXD, EV 90.0 MPH)
|
|
Batting: SHB Justin Hensley
|
0-0: Ball 1-0: Ball 2-0: Called Strike 2-1: SOLO HOME RUN (Flyball, 9D, EV 100.0 MPH), Distance : 371 ft
|
|
Batting: LHB Brandon Homol
|
0-0: Ball 1-0: Ground out 6-3 (Groundball, 6M, EV 83.1 MPH)
|
|
Batting: RHB Ryan Starks
|
0-0: SINGLE (Groundball, 6MD, EV 103.8 MPH)
|
|
Batting: RHB Wes Reynolds
|
0-0: Called Strike 0-1: Foul Ball, location: 2F 0-2: Ball 1-2: Foul Ball, location: 2F 1-2: Foul Ball, location: 2F 1-2: Fly out, F8 (Flyball, 89D, EV 100.0 MPH)
|
| Bottom of the 2nd over - 1 run, 2 hits, 0 errors, 1 left on base; Washington State University 0 - Clemson University 2 |
| TOP OF THE 3RD |
|
Washington State University Cougars batting - Pitching for Clemson University Tigers : RHP Lance Brisson
|
|
Batting: RHB Gebre-Giorgios Wangondu
|
0-0: Ball 1-0: Fly out, F6 (Line Drive, 6, EV 62.5 MPH)
|
|
Batting: RHB Melvin Durland
|
0-0: Called Strike 0-1: Fly out, F6 (Popup, 56, EV 60.6 MPH)
|
|
Batting: SHB Salvador Padilla
|
0-0: Called Strike 0-1: Swinging Strike 0-2: Ball 1-2: SINGLE (Groundball, 34D, EV 100.6 MPH)
|
|
Batting: LHB Josh Aerni
|
0-0: Called Strike 0-1: Ball 1-1: Ball 2-1: 2-RUN HOME RUN (Flyball, 9LD, EV 98.1 MPH), Distance : 343 ft
|
|
Batting: RHB Nick Deegan
|
0-0: Ground out 6-3 (Groundball, 6MS, EV 90.6 MPH)
|
| Top of the 3rd over - 2 runs, 2 hits, 0 errors, 0 left on base; Washington State University 2 - Clemson University 2 |
| BOTTOM OF THE 3RD |
|
Clemson University Tigers batting - Pitching for Washington State University Cougars : LHP Bill Hussey
|
|
Batting: RHB Jaime Rios
|
0-0: Fly out, F9 (Line Drive, 9, EV 90.6 MPH)
|
|
Batting: LHB Pablo Serrato
|
0-0: Ball 1-0: Ball 2-0: Called Strike 2-1: Ball 3-1: Base on Balls
|
|
Batting: SHB Ronnie Brooks
|
0-0: Ball 1-0: Ball 2-0: Foul Ball, location: 2F 2-1: Swinging Strike 2-2: Ball 3-2: Base on Balls Pablo Serrato to second
|
|
Batting: LHB Pat Fontana
|
0-0: Ball 1-0: Ball 2-0: Ground out U3 (Groundball, 34S, EV 72.5 MPH) Pablo Serrato to third Ronnie Brooks to second
|
|
Batting: RHB Ken Manser
|
0-0: SINGLE (Groundball, 6D, EV 100.0 MPH) Pablo Serrato scores Ronnie Brooks to third Runner from 3rd tries for Home, SAFE, throw by CF to home
|
|
Batting: SHB Justin Hensley
|
0-0: Ball 1-0: Called Strike 1-1: Fly out, F4 (Flyball, 4D, EV 88.1 MPH)
|
| Bottom of the 3rd over - 2 runs, 1 hit, 0 errors, 1 left on base; Washington State University 2 - Clemson University 4 |
| TOP OF THE 4TH |
|
Washington State University Cougars batting - Pitching for Clemson University Tigers : RHP Lance Brisson
|
|
Batting: SHB Steve DeRienzo
|
0-0: Called Strike 0-1: Foul Ball, location: 2F 0-2: Foul Ball, location: 2F 0-2: Strikes out swinging
|
|
Batting: RHB Alex Koral
|
0-0: SOLO HOME RUN (Flyball, 9LD, EV 91.9 MPH), Distance : 342 ft
|
|
Batting: SHB Sergio Carranza
|
0-0: SINGLE (Flyball, 56D, EV 90.0 MPH)
|
|
Batting: RHB Alex Arzate
|
0-0: Ball 1-0: Ball 2-0: Ball 3-0: Base on Balls Sergio Carranza to second
|
|
Batting: RHB Gebre-Giorgios Wangondu
|
0-0: Ball 1-0: Grounds into double play, 6-4-3 (Groundball, 6, EV 83.1 MPH)
|
| Top of the 4th over - 1 run, 2 hits, 0 errors, 1 left on base; Washington State University 3 - Clemson University 4 |
| BOTTOM OF THE 4TH |
|
Clemson University Tigers batting - Pitching for Washington State University Cougars : LHP Bill Hussey
|
|
Batting: LHB Brandon Homol
|
0-0: Ball 1-0: Called Strike 1-1: Swinging Strike 1-2: Ball 2-2: Strikes out swinging
|
|
Batting: RHB Ryan Starks
|
0-0: Called Strike 0-1: Foul Ball, location: 2F 0-2: Ball 1-2: Foul Ball, location: 2F 1-2: Fly out, F9 (Flyball, 9LS, EV 81.3 MPH)
|
|
Batting: RHB Wes Reynolds
|
0-0: SINGLE (Groundball, 6S, EV 66.9 MPH) (infield hit)
|
|
Batting: RHB Jaime Rios
|
0-0: Foul Ball, location: 2F 0-1: Foul Ball, location: 2F 0-2: Foul Ball, location: 2F 0-2: Ball 1-2: Foul Ball, location: 2F 1-2: 2-RUN HOME RUN (Flyball, 7LD, EV 92.5 MPH), Distance : 330 ft
|
|
Pitching: RHP Nate Woodard
|
|
|
Batting: LHB Pablo Serrato
|
0-0: Called Strike 0-1: Ball 1-1: Ball 2-1: Called Strike 2-2: Foul Ball, location: 2F 2-2: Reached on error, E3 (Flyball, 34D, EV 81.9 MPH)
|
|
Batting: SHB Ronnie Brooks
|
0-0: Called Strike 0-1: Ball 1-1: Foul Ball, location: 2F 1-2: Strikes out looking
|
| Bottom of the 4th over - 2 runs, 2 hits, 1 error, 1 left on base; Washington State University 3 - Clemson University 6 |
| TOP OF THE 5TH |
|
Washington State University Cougars batting - Pitching for Clemson University Tigers : RHP Lance Brisson
|
|
Batting: RHB Melvin Durland
|
0-0: Called Strike 0-1: Ball 1-1: Ball 2-1: Called Strike 2-2: Foul Ball, location: 2F 2-2: Fly out, F4 (Popup, 4, EV 64.4 MPH)
|
|
Batting: SHB Salvador Padilla
|
0-0: Ball 1-0: Called Strike 1-1: Swinging Strike 1-2: Foul Ball, location: 2F 1-2: Strikes out swinging
|
|
Batting: LHB Josh Aerni
|
0-0: Called Strike 0-1: Ball 1-1: Swinging Strike 1-2: Fly out, F7 (Flyball, 78S, EV 84.4 MPH)
|
| Top of the 5th over - 0 runs, 0 hits, 0 errors, 0 left on base; Washington State University 3 - Clemson University 6 |
| BOTTOM OF THE 5TH |
|
Clemson University Tigers batting - Pitching for Washington State University Cougars : RHP Nate Woodard
|
|
Batting: LHB Pat Fontana
|
0-0: Ball 1-0: Foul Ball, location: 2F 1-1: Ground out 6-3 (Groundball, 6, EV 106.9 MPH)
|
|
Batting: RHB Ken Manser
|
0-0: Ball 1-0: Ball 2-0: SINGLE (Line Drive, 8LS, EV 98.8 MPH)
|
|
Batting: SHB Justin Hensley
|
0-0: Called Strike 0-1: Ball 1-1: Ball Ken Manser is caught stealing 2nd base 2-6 2-1: SINGLE (Groundball, 56, EV 101.3 MPH)
|
|
Batting: LHB Brandon Homol
|
0-0: Foul Ball, location: 2F 0-1: Ball 1-1: Called Strike 1-2: Ball 2-2: Foul Ball, location: 2F 2-2: SINGLE (Groundball, 23, EV 65.6 MPH) (infield hit) Justin Hensley to second
|
|
Batting: RHB Ryan Starks
|
0-0: Called Strike 0-1: Ball 1-1: Ball 2-1: Ball 3-1: Called Strike 3-2: DOUBLE (Line Drive, 9LS, EV 108.8 MPH) Justin Hensley scores Brandon Homol to third Brandon Homol scores
|
|
Batting: RHB Wes Reynolds
|
0-0: Fly out, F9 (Line Drive, 9, EV 98.1 MPH)
|
| Bottom of the 5th over - 2 runs, 4 hits, 0 errors, 1 left on base; Washington State University 3 - Clemson University 8 |
| TOP OF THE 6TH |
|
Washington State University Cougars batting - Pitching for Clemson University Tigers : RHP Lance Brisson
|
|
Batting: RHB Nick Deegan
|
0-0: Ball 1-0: Ball 2-0: Called Strike 2-1: Called Strike 2-2: Strikes out looking
|
|
Batting: SHB Steve DeRienzo
|
0-0: Ball 1-0: Fly out, F3 (Popup, 3F, EV 77.5 MPH)
|
|
Batting: RHB Alex Koral
|
0-0: Foul Ball, location: 2F 0-1: DOUBLE (Groundball, 3L, EV 110.0 MPH)
|
|
Batting: SHB Sergio Carranza
|
0-0: Called Strike 0-1: Swinging Strike 0-2: Ball 1-2: Ball 2-2: DOUBLE (Line Drive, 9LM, EV 100.6 MPH) Alex Koral scores
|
|
Pitching: RHP Jose Lomas
|
|
|
Batting: RHB Alex Arzate
|
0-0: Ground out 6-3 (Groundball, 6S, EV 86.9 MPH)
|
| Top of the 6th over - 1 run, 2 hits, 0 errors, 1 left on base; Washington State University 4 - Clemson University 8 |
| BOTTOM OF THE 6TH |
|
Clemson University Tigers batting - Pitching for Washington State University Cougars : RHP Nate Woodard
|
|
Pitching: RHP Juan Luna
|
|
|
Batting: RHB Jaime Rios
|
0-0: Swinging Strike 0-1: Swinging Strike 0-2: Foul Ball, location: 2F 0-2: Ball 1-2: Strikes out swinging
|
|
Batting: LHB Pablo Serrato
|
0-0: Fly out, F7 (Line Drive, 7D, EV 88.8 MPH)
|
|
Batting: SHB Ronnie Brooks
|
0-0: SINGLE (Line Drive, 3D, EV 97.5 MPH)
|
|
Batting: LHB Pat Fontana
|
0-0: Called Strike 0-1: SINGLE (Groundball, 56S, EV 66.9 MPH) (infield hit) Ronnie Brooks to second
|
|
Batting: RHB Ken Manser
|
0-0: Ball 1-0: Ball 2-0: Called Strike 2-1: Swinging Strike 2-2: Ball 3-2: Base on Balls Ronnie Brooks to third Pat Fontana to second
|
|
Batting: SHB Justin Hensley
|
0-0: Fly out, F7 (Flyball, 78D, EV 80.6 MPH)
|
| Bottom of the 6th over - 0 runs, 2 hits, 0 errors, 3 left on base; Washington State University 4 - Clemson University 8 |
| TOP OF THE 7TH |
|
Washington State University Cougars batting - Pitching for Clemson University Tigers : RHP Jose Lomas
|
|
Now in LF: Brandon Homol
|
|
|
Now in CF: Pat Fontana
|
|
|
Now in RF: Jamie Spangenberg
|
|
|
Batting: RHB Gebre-Giorgios Wangondu
|
0-0: Ground out 4-3 (Groundball, 4, EV 103.8 MPH)
|
|
Batting: RHB Melvin Durland
|
0-0: Ground out U3 (Groundball, 34, EV 88.8 MPH)
|
|
Batting: SHB Salvador Padilla
|
0-0: Ball 1-0: Ball 2-0: SINGLE (Line Drive, 6M, EV 98.1 MPH)
|
|
Batting: LHB Josh Aerni
|
0-0: Called Strike 0-1: Called Strike 0-2: Ball 1-2: Ball 2-2: Foul Ball, location: 2F 2-2: Ball 3-2: Fly out, F5 (Popup, 5SF, EV 78.1 MPH)
|
| Top of the 7th over - 0 runs, 1 hit, 0 errors, 1 left on base; Washington State University 4 - Clemson University 8 |
| BOTTOM OF THE 7TH |
|
Clemson University Tigers batting - Pitching for Washington State University Cougars : RHP Juan Luna
|
|
Batting: LHB Brandon Homol
|
0-0: Called Strike 0-1: Ball 1-1: Swinging Strike 1-2: Fly out, F7 (Flyball, 78M, EV 95.0 MPH)
|
|
Batting: RHB Ryan Starks
|
0-0: Called Strike 0-1: Ball 1-1: Called Strike 1-2: Ball 2-2: Foul Ball, location: 2F 2-2: Ball 3-2: Base on Balls
|
|
Batting: RHB Wes Reynolds
|
0-0: SINGLE (Groundball, 56D, EV 108.1 MPH) Ryan Starks to second
|
|
Batting: RHB Jaime Rios
|
0-0: Ball 1-0: Ball 2-0: Called Strike 2-1: Ball 3-1: Foul Ball, location: 2F 3-2: Foul Ball, location: 2F 3-2: SINGLE (Groundball, 4MD, EV 98.8 MPH) Ryan Starks to third Wes Reynolds to second
|
|
Batting: LHB Jamie Spangenberg
|
0-0: Ball 1-0: Ball 2-0: Fielders Choice at 2nd, 6-4 (Groundball, 6, EV 96.3 MPH) Ryan Starks scores Wes Reynolds to third
|
|
Batting: SHB Ronnie Brooks
|
0-0: Called Strike 0-1: Ball 1-1: Foul Ball, location: 2F 1-2: Ball 2-2: SINGLE (Line Drive, 7S, EV 91.9 MPH) Wes Reynolds scores Jamie Spangenberg to second
|
|
Batting: LHB Pat Fontana
|
0-0: Ball 1-0: Foul Ball, location: 2F 1-1: SINGLE (Line Drive, 5D, EV 95.6 MPH) Jamie Spangenberg to third Ronnie Brooks to second Runner from 3rd tries for Home, SAFE, throw by LF to home
|
|
Pitching: LHP Quadir Dade
|
|
|
Batting: RHB Ken Manser
|
0-0: Fly out, F8 (Flyball, 8RD, EV 85.0 MPH)
|
| Bottom of the 7th over - 3 runs, 4 hits, 0 errors, 2 left on base; Washington State University 4 - Clemson University 11 |
| TOP OF THE 8TH |
|
Washington State University Cougars batting - Pitching for Clemson University Tigers : RHP Jose Lomas
|
|
Now in RF: Ivan Castillo
|
|
|
Batting: RHB Nick Deegan
|
0-0: Called Strike 0-1: Ball 1-1: Ball 2-1: Fly out, F8 (Flyball, 8RM, EV 98.1 MPH)
|
|
Batting: SHB Steve DeRienzo
|
0-0: Called Strike 0-1: Swinging Strike 0-2: Ball 1-2: Reached on error, E4 (Groundball, 4, EV 101.9 MPH)
|
|
Batting: RHB Alex Koral
|
0-0: Grounds into double play, 4-6-3 (Groundball, 4, EV 76.3 MPH)
|
| Top of the 8th over - 0 runs, 0 hits, 1 error, 0 left on base; Washington State University 4 - Clemson University 11 |
| BOTTOM OF THE 8TH |
|
Clemson University Tigers batting - Pitching for Washington State University Cougars : LHP Quadir Dade
|
|
Batting: SHB Justin Hensley
|
0-0: Foul Ball, location: 2F 0-1: Ball 1-1: Called Strike 1-2: Foul Ball, location: 2F 1-2: Strikes out swinging
|
|
Batting: LHB Brandon Homol
|
0-0: Foul Ball, location: 2F 0-1: Swinging Strike 0-2: Strikes out swinging
|
|
Batting: RHB Ryan Starks
|
0-0: Called Strike 0-1: Fly out, F9 (Flyball, 89S, EV 85.0 MPH)
|
| Bottom of the 8th over - 0 runs, 0 hits, 0 errors, 0 left on base; Washington State University 4 - Clemson University 11 |
| TOP OF THE 9TH |
|
Washington State University Cougars batting - Pitching for Clemson University Tigers : RHP Jose Lomas
|
|
Batting: SHB Sergio Carranza
|
0-0: Called Strike 0-1: Ball 1-1: Ball 2-1: Ground out U3 (Groundball, 3, EV 101.9 MPH)
|
|
Batting: RHB Alex Arzate
|
0-0: Ball 1-0: SINGLE (Flyball, 8RS, EV 95.0 MPH)
|
|
Batting: RHB Gebre-Giorgios Wangondu
|
0-0: Called Strike 0-1: Fielders Choice at 2nd, 5-4 (Groundball, 5, EV 78.8 MPH)
|
|
Batting: RHB Melvin Durland
|
0-0: Called Strike 0-1: Ball 1-1: Foul Ball, location: 2F 1-2: Ground out 6-3 (Groundball, 6M, EV 103.1 MPH)
|
| Top of the 9th over - 0 runs, 1 hit, 0 errors, 1 left on base; Washington State University 4 - Clemson University 11 |
|